 Dungeon Crawl Stone Soup version 0.29.1-14-g9c671dbff4 (webtiles) character file.

Game seed: 3296271482089539560

2102 Descartes the Covert (level 9, 0/43 HPs)
             Began as a Felid Monk on Feb 18, 2023.
             Hit by a javelin thrown by a centaur (11 damage)
             ... in a bailey.
             The game lasted 00:13:03 (7421 turns).

Descartes the Covert (Felid Monk)                   Turns: 7421, Time: 00:13:03

Health: 0/43       AC:  6    Str: 11    XL:     9   Next: 7%
Magic:  10/10      EV: 24    Int: 12    God:
Gold:   370        SH:  0    Dex: 18    Spells: 7/8 levels left
                                        Lives:  0   Deaths: 2

rFire   . . .      SeeInvis +     - Unarmed
rCold   . . .      Faith    .   (shield unavailable)
rNeg    . . .      Spirit   .   (body armour unavailable)
rPois   .          Reflect  .   (helmet unavailable)
rElec   .          Harm     .   (cloak unavailable)
rCorr   .          Rampage  .   (gloves unavailable)
Will    +....                   (boots unavailable)
Stlth   +++++.....              y - amulet of regeneration
HPRegen 0.94/turn               m - +4 ring of protection
MPRegen 0.12/turn               (no ring)

@: quick
A: very small, claws 1, fangs 3, see invisible, speed 1, shaggy fur 2, stealthy
paws, no weapons or thrown items, no armour, multi-lived
a: no special abilities


You were in a bailey.
You visited 2 branches of the dungeon, and saw 8 of its levels.
You also visited: Bailey.

You collected 370 gold pieces.

Inventory:

Jewellery
 m - a +4 ring of protection (left paw)
 w - an amulet of the acrobat
 y - an amulet of regeneration (around neck)
Wands
 h - a wand of flame (25)
 o - a wand of roots (10)
 u - a wand of digging (9)
 D - a wand of polymorph (4)
Scrolls
 c - 2 scrolls of enchant weapon
 d - a scroll of magic mapping
 e - 4 scrolls of teleportation
 g - a scroll of brand weapon {unknown}
 i - a scroll of poison {unknown}
 k - 2 scrolls of blinking
 l - a scroll of vulnerability {unknown}
 q - a scroll of noise {unknown}
 r - 3 scrolls of immolation {unknown}
 t - a scroll of fear
 x - a scroll of butterflies {unknown}
 E - 3 scrolls of amnesia
 F - a scroll of enchant armour
Potions
 a - 2 potions of ambrosia
 b - 3 potions of mutation {unknown}
 f - 2 potions of curing
 j - 2 potions of haste {unknown}
 n - 2 potions of lignification {unknown}
 p - a potion of invisibility {unknown}
 s - a potion of heal wounds
 v - a potion of attraction {unknown}
 z - 2 potions of resistance {unknown}
 A - 2 potions of might {unknown}
 B - a potion of cancellation {unknown}
 G - a potion of flight {unknown}


   Skills:
 + Level 7.6 Fighting
 + Level 9.8 Dodging
 + Level 10.2 Stealth
 + Level 7.5 Unarmed Combat
 - Level 5.0 Transmutations


You had 7 spell levels left.
You knew the following spells:

 Your Spells              Type           Power      Damage    Failure   Level
a - Beastly Appendage     Tmut           24%        N/A       4%          1

Your spell library contained the following spells:

 Spells                   Type           Power      Damage    Failure   Level
 Wereblood                Tmut           12%        N/A       6%          2
 Sting                    Tmut/Pois      24%        1d4       12%         1
 Spider Form              Tmut/Pois      6%         N/A       34%         3
 Poisonous Vapours        Pois/Air       0%         N/A       45%         2
 Ignite Poison            Fire/Tmut/Pois 3%         N/A       45%         3
 Conjure Flame            Conj/Fire      0%         6-21      69%         3
 Dazzling Flash           Conj/Hex       0%         N/A       69%         3
 Iskenderun's Mystic Bla  Conj/Tloc      0%         2d3       97%         4
 Olgreb's Toxic Radiance  Pois           0%         N/A       97%         4
 Sticky Flame             Conj/Fire      0%         2d3       97%         4
 Starburst                Conj/Fire      0%         6d3       100%        6


Dungeon Overview and Level Annotations

Branches:
Dungeon (7/15)             Temple (1/1) D:6          Bailey (1/1)

Altars:
Ashenzari
Cheibriados
Dithmenos
Elyvilon
Fedhas
Gozag
Hepliaklqana
Kikubaaqudgha
Nemelex Xobeh
Okawaru
Qazlal
Ru
Sif Muna
Trog
Uskayaw
Vehumet
Wu Jian
Xom
Yredelemnul
Zin
The Shining One
Lugonu

Shops:
D:4 *   D:7 =

Annotations:
D:2 Grinder
D:7 1 transporter, vvl's ghost, novice HOEE


Innate Abilities, Weirdness & Mutations

You have sharp claws.
You have razor-sharp teeth.
You have supernaturally acute eyesight. (SInv)
You cover ground quickly. (Speed+)
You are covered in thick fur. (AC +2)
Your paws help you pounce on unaware monsters.
You are incapable of wielding weapons or throwing items.
You cannot wear armour.
You gain extra lives every three experience levels.


Message History

The centaur throws a javelin.
The javelin closely misses you.
The orc warrior shouts!
The centaur shouts! x2
You scratch the centaur. You claw the centaur.
The centaur is moderately wounded.
The centaur completely misses you. The centaur closely misses you.
You claw the centaur!
The centaur is severely wounded.
The centaur throws a javelin.
The javelin completely misses you. The centaur misses you.
The centaur completely misses you.
The centaur throws a javelin.
The javelin barely misses you.
You scratch the centaur but do no damage.
The centaur is severely wounded.
The centaur misses you.
The centaur kicks you but does no damage.
You scratch the centaur.
The centaur is severely wounded.
The centaur hits you with a +0 halberd! The centaur closely misses you.
The centaur hits you with a +0 halberd! The centaur completely misses you.
The orc warrior hits you from afar with a +0 halberd!
You are too injured to fight recklessly!
You are too injured to fight recklessly!
Unknown command.
You scratch the centaur.
You kill the centaur!
The centaur throws a javelin.
The javelin misses you. The orc warrior completely misses you.
The orc warrior closely misses you.
The centaur throws a javelin.
The javelin completely misses you. The orc warrior closely misses you.
The orc warrior hits you from afar with a +0 glaive!
The centaur hits you with a +0 spear.
* * * LOW HITPOINT WARNING * * *
The centaur completely misses you.
You scratch the centaur but do no damage.
The centaur closely misses you. x2; The orc warrior completely misses you.
The orc warrior closely misses you. The orc warrior completely misses you.
The centaur misses you. x2; The orc warrior completely misses you.
The centaur throws a javelin.
The javelin pierces through you!
You die...

####################
#≈≈≈≈≈≈≈≈≈≈≈≈≈≈≈≈≈≈≈#
≈≈≈≈≈≈≈≈≈≈≈≈≈≈≈≈≈≈≈≈≈
≈≈≈≈≈≈≈≈.o.co..≈≈≈≈≈≈≈≈
≈≈≈≈≈≈.)≈≈≈.≈≈≈..≈≈≈≈≈≈≈
≈≈≈≈..≈≈≈o..@.≈≈≈..≈≈≈≈≈#
≈≈≈.≈≈≈.........≈≈≈.≈≈≈≈#
≈≈≈.≈.....≈~≈.....≈.≈≈≈≈#
≈≈.≈≈.⌠..≈≈†≈≈..⌠.≈≈.≈≈≈#
≈≈.≈.....≈~≈~≈.....≈.≈≈≈#
≈.≈≈....≈≈~≈~≈≈....≈≈.≈≈#
≈.≈.....≈~≈≈≈~≈.....≈.≈≈#
≈.≈.....≈~≈)≈~≈.....≈.≈≈#
≈.≈.....≈~≈=≈~≈.....≈.≈≈#


You could see 3 orc warriors and a centaur.

Vanquished Creatures
  Pikel (D:5)
  Sigmund (D:1)
  A steam dragon (D:6)
  A water moccasin (D:7)
  A sky beast (D:6)
  8 orc warriors
  2 ice beasts
  6 centaurs
  4 phantoms (D:6)
  2 lemures (D:6)
  3 bullfrogs
  3 scorpions
  4 killer bees
  2 bullfrog zombies (D:6)
  2 hounds
  2 centaur zombies (D:6)
  2 orc priests
  2 centaur skeletons (D:6)
  4 iguanas
  Jessica (D:3)
  Natasha (thrice) (D:3)
  7 orc wizards
  Robin (D:3)
  4 gnolls (D:5)
  7 adders
  A shadow imp (D:6)
  3 white imps
  An ufetubus (D:4)
  2 worms
  2 dart slugs
  40 orcs
  7 ball pythons
  9 endoplasms
  7 giant cockroaches
  16 goblins
  5 hobgoblins
  3 jackals (D:1)
  3 quokkas
  6 bats
  4 frilled lizards
  6 kobolds
  5 rats
194 creatures vanquished.

Vanquished Creatures (others)
  An orc wizard (D:6)
  2 orcs
3 creatures vanquished.

Grand Total: 197 creatures vanquished

Notes
Turn   | Place    | Note
-------+----------+-------------------------------------------
     0 | D:1      | Descartes the Felid Monk began the quest for the Orb.
     0 | D:1      | Reached XP level 1. HP: 10/10 MP: 2/2
   338 | D:1      | Reached skill level 3 in Stealth
   345 | D:1      | Reached XP level 2. HP: 14/14 MP: 3/3
   751 | D:1      | Found a faded altar of an unknown god.
   961 | D:2      | Noticed Sigmund
   990 | D:1      | Killed Sigmund
   991 | D:1      | Reached skill level 5 in Dodging
   991 | D:1      | Reached skill level 4 in Stealth
   991 | D:1      | Reached XP level 3. HP: 14/18 MP: 4/4
   991 | D:1      | Reached XP level 4. HP: 17/22 MP: 5/5
   991 | D:1      | Reached XP level 5. HP: 19/25 MP: 6/6
  1099 | D:2      | Identified the +1 ring mail of Darkness {Stlth+}
  1560 | D:2      | Learned a level 1 spell: Beastly Appendage
  1902 | D:3      | Noticed Jessica
  1907 | D:3      | Killed Jessica
  1908 | D:3      | Reached skill level 5 in Stealth
  1908 | D:3      | Gained mutation: You are covered in thick fur. (AC +2)
                  | [Felid growth]
  1908 | D:3      | Reached XP level 6. HP: 28/28 MP: 5/7
  1971 | D:3      | Noticed Robin
  2025 | D:3      | Killed Robin
  2058 | D:3      | Noticed Grinder
  2067 | D:3      | Killed from afar by Grinder
  2068 | D:3      | Reached XP level 5. HP: -1/25 MP: 6/6
  2078 | D:3      | Found a bloodstained altar of Trog.
  2198 | D:3      | Identified the +1 robe "Goukyett" {rF+ rC+ Str+2}
  2253 | D:3      | Found a hazy altar of Hepliaklqana.
  2439 | D:3      | Noticed Natasha
  2447 | D:3      | Killed Natasha
  2448 | D:3      | Reached skill level 1 in Transmutations
  2847 | D:3      | Found a glowing silver altar of Zin.
  2871 | D:2      | Paralysed by Grinder for 3 turns
  3137 | D:3      | Found an opulent altar of Gozag.
  3192 | D:3      | Found a shadowy altar of Dithmenos.
  3193 | D:3      | Found an iron altar of Okawaru.
  3194 | D:3      | Found a stormy altar of Qazlal.
  3205 | D:3      | Found a basalt altar of Yredelemnul.
  3247 | D:3      | Noticed Natasha
  3254 | D:3      | Killed Natasha
  3301 | D:3      | Found a shimmering blue altar of Sif Muna.
  3494 | D:3      | Noticed Natasha
  3502 | D:3      | Killed Natasha
  3534 | D:4      | Reached XP level 6. HP: 29/29 MP: 7/7
  3573 | D:4      | Found a glowing golden altar of the Shining One.
  3925 | D:4      | Found Coqybais's General Store.
  4065 | D:4      | Found a sacrificial altar of Ru.
  4073 | D:4      | Reached skill level 6 in Stealth
  4142 | D:4      | Found a snail-covered altar of Cheibriados.
  4390 | D:5      | Entered Level 5 of the Dungeon
  4445 | D:5      | Found a broken altar of Ashenzari.
  4514 | D:5      | Reached XP level 7. HP: 33/33 MP: 8/8
  4667 | D:5      | Reached skill level 5 in Fighting
  5058 | D:6      | Noticed Pikel
  5136 | D:5      | Killed Pikel
  5137 | D:5      | Reached skill level 7 in Stealth
  5137 | D:5      | Reached skill level 5 in Unarmed Combat
  5137 | D:5      | Reached XP level 8. HP: 13/37 MP: 9/9
  5324 | D:6      | Found a radiant altar of Vehumet.
  5474 | D:6      | Reached skill level 8 in Stealth
  5574 | D:6      | Found a blossoming altar of Fedhas.
  5575 | D:6      | Found an ancient bone altar of Kikubaaqudgha.
  5664 | D:6      | Reached XP level 9. HP: 42/42 MP: 10/10
  5784 | D:6      | Reached skill level 5 in Transmutations
  6187 | D:6      | Found a staircase to the Ecumenical Temple.
  6193 | Temple   | Entered the Ecumenical Temple
  6442 | D:7      | Reached skill level 9 in Stealth
  6599 | D:7      | Noticed a white ugly thing
  6601 | D:7      | Found a transporter.
  6602 | D:7      | Noticed vvl's ghost (novice HOEE)
  6643 | D:7      | Found Dyafras's Jewellery Boutique.
  6666 | D:7      | Found a flagged portal.
  6675 | Bailey   | Entered a bailey
  7175 | Bailey   | Reached skill level 10 in Stealth
  7331 | Bailey   | Mangled by an orc warrior
  7332 | Bailey   | Reached XP level 8. HP: -9/40 MP: 9/9
  7386 | Bailey   | Reached XP level 9. HP: 43/43 MP: 10/10
  7421 | Bailey   | Hit by a javelin thrown by a centaur

Illustrated notes

Levels and vault maps discovered:
D:1:      sevenhm_arrival_forest_fort_small_4, layout_loops_ring,
          hellmonk_ecumenical_altar_run_dry, minmay_tetromino_i2
D:2:      layout_loops_cross, uniq_sigmund
D:3:      layout_loops_ring, pdpol_temple_overflow_zin_treasury_gozag_greed,
          trog_butcher_becter, mainiacjoe_overflow_big_doors,
          nicolae_overflow_quartered_altars, grunt_ministairs_4, uniq_jessica,
          uniq_grinder, uniq_natasha, uniq_robin
D:4:      layout_basic, mainiacjoe_overflow_paths,
          nicolae_ru_great_annihilating_truth, serial_shops, shop,
          minmay_ruined_shrine
D:5:      layout_loops_ring, mainiacjoe_overflow_tiny_flanked
D:6:      layout_basic, grunt_temple_overflow_growth_and_decay,
          nicolae_vehumet_radiance, minmay_temple_entry_fiery, serial_undead,
          serial_undead_e, serial_undead_a, serial_undead_d, serial_undead_d,
          chequers_mini_garden, uniq_pikel
D:7:      layout_loops_ring, nzn_ghost_randoct, enter_bailey_8, serial_shops,
          nicolae_shop_behind_doors
Temple:   corrupted_temple
Bailey:   bailey_polearm_flooded_kennysheep, bailey

Skill      XL: |  1  2  3  4  5  6  7  8  9 |
---------------+----------------------------+-----
Stealth        | 3 4 5 6 7 8 10 | 10.2
Fighting       | 4 5 6 7 |  7.6
Dodging        | 5 6 7 8 9 |  9.8
Unarmed Combat | 4 5 6 7 |  7.5
Transmutations | 1 2 3 4 5 |  5.0

Action                   |  1- 3 |  4- 6 |  7- 9 || total
-------------------------+-------+-------+-------++-------
Melee: Unarmed           |    52 |   203 |   504 ||   759
       Bite              |     4 |    23 |    72 ||    99
       Punch             |     1 |     9 |    22 ||    32
       Headbutt          |       |     8 |       ||     8
 Cast: Beastly Appendage |       |     5 |       ||     5
Evoke: Wand              |       |       |     5 ||     5
  Use: Potion            |     1 |     2 |     3 ||     6
       Scroll            |       |     3 |     3 ||     6
 Stab: Sleeping          |     7 |    22 |     9 ||    38
       Invisible         |       |     1 |       ||     1
       Paralysed         |       |     1 |       ||     1
       Distracted        |       |       |     1 ||     1
Armor: Skin              |     3 |    21 |    56 ||    80
Dodge: Dodged            |    45 |   189 |   622 ||   856
